 Dungeon Crawl Stone Soup version 0.31-a0-167-g1c394c0614 (webtiles) character file.

Game seed: 11810880683458635886

245 qw the Shooter (level 6, -1/56 HPs)
             Began as a Naga Hunter on June 14, 2023.
             Slain by an orc
             ... wielding a +0 whip
              (2 damage)
             ... on level 4 of the Dungeon.
             The game lasted 00:00:55 (2755 turns).

qw the Shooter (Naga Hunter)                        Turns: 2755, Time: 00:00:55

Health: -1/56      AC:  4    Str: 13    XL:     6   Next: 10%
Magic:  6/6        EV:  9    Int: 10    God:
Gold:   128        SH:  0    Dex: 16    Spells: 5/5 levels left

rFire   . . .        Y - +0 shortbow
rCold   . . .        (shield currently unavailable)
rNeg    . . .        c - +0 leather armour
rPois   +            e - +0 helmet
rElec   .            (no cloak)
rCorr   .            (no gloves)
SInv    +            (no barding)
Will    .....        i - amulet of faith
Stlth   ++           (no ring)
HPRegen 0.29/turn    (no ring)
MPRegen 0.10/turn

%: faith
@: short of breath, very slow
A: AC +2, large, see invisible, deformed body, poison resistance, slowness 2,
spit poison 1, naga tail 1
a: Spit Poison


You were on level 4 of the Dungeon.
You visited 1 branch of the dungeon, and saw 4 of its levels.

You collected 128 gold pieces.


Innate Abilities, Weirdness & Mutations

Your serpentine skin is tough. (AC +2)
You have supernaturally acute eyesight. (SInv)
Armour fits poorly on your strangely shaped body.
Your system is resistant to poisons. (rPois)
You cover ground very slowly.
You can spit poison.
You have a snake-like lower body.


   Skills:
 + Level 3.1 Fighting
 - Level 6.1 Ranged Weapons
 - Level 1.5 Dodging
 - Level 1.5 Stealth


You had 5 spell levels left.
You didn't know any spells.
Your spell library was empty.

Inventory:

Hand Weapons
 Y - a +0 shortbow (weapon)
Armour
 c - a +0 leather armour (worn)
 e - a +0 helmet (worn)
Jewellery
 i - an amulet of faith (around neck)
 j - a ring of ice
Scrolls
 a - a scroll of identify
 k - a scroll of teleportation {unknown}
Potions
 b - a potion of mutation {unknown}
 d - a potion of heal wounds {unknown}
 f - a potion of haste {unknown}
 g - a potion of curing {unknown}
 h - a potion of degeneration {unknown}
 l - a potion of berserk rage {unknown}
 m - a potion of enlightenment {unknown}

Dungeon Overview and Level Annotations

Branches:
Dungeon (4/15)
 Temple: D:4-7

Altars:


Message History

The orc priest hits you with a +0 club.
You shoot an arrow. The arrow hits the orc priest.
You kill the orc priest!
The orc misses you.
The orc wizard hits you with a +0 dagger.
The orc hits you from afar with a +0 trident.
Your Ranged Weapons skill increases to level 6!
You have reached level 6!
Your skin feels tougher.
You shoot an arrow. The arrow hits the orc wizard.
The orc wizard is lightly wounded.
The orc hits you but does no damage.
The orc wizard hits you but does no damage.
The orc closely misses you.
You shoot an arrow. The arrow hits the orc wizard.
The orc wizard is moderately wounded.
The orc wizard closely misses you. The orc barely misses you.
The orc hits you but does no damage.
You shoot an arrow.
The arrow closely misses the orc wizard.
You have got your breath back.
The orc wizard barely misses you. The orc hits you with a +0 whip.
The orc closely misses you.
2753 ||| INVOKING Spit Poison.
Aiming: Spit Poison (1% risk of failure)
Press: ? - help, Shift-Dir - straight line, f/p - orc wizard The splash of poison hits the orc wizard but does no damage.
The orc wizard is moderately wounded.
The orc hits you but does no damage.
The orc wizard hits you but does no damage.
The orc hits you from afar with a +0 trident.
You shoot an arrow. The arrow hits the orc wizard!
The orc wizard is almost dead.
The orc wizard completely misses you. The orc hits you but does no damage.
The orc barely misses you.
You shoot an arrow.
The arrow hits the orc wizard but does no damage.
The orc wizard is almost dead.
The orc wizard casts a spell at you. The magic dart hits you!
The orc hits you with a +0 whip.
You die...

........#........#
........##'#######
......%...........
.............#####
#............#####+###
##....................
#....................
##.............(.....
##.##......o@.#..###
#. #.....oo).# ## .
#...........
#.......?.###
#.........# .........#
.......... $.........


You could see an orc wizard and 2 orcs.

Vanquished Creatures
  A scorpion (D:4)
  An orc priest (D:4)
  2 orc wizards
  4 adders
  A worm (D:2)
  5 orcs
  3 ball pythons
  A bat (D:1)
  6 endoplasms
  2 giant cockroaches (D:3)
  6 goblins
  11 hobgoblins
  2 jackals (D:1)
  3 quokkas (D:1)
  4 frilled lizards
  5 kobolds
  6 rats
63 creatures vanquished.

Notes
Turn   | Place    | Note
-------+----------+-------------------------------------------
     0 | D:1      | qw the Naga Hunter began the quest for the Orb.
     0 | D:1      | Reached XP level 1. HP: 19/19 MP: 1/1
     0 | D:1      | 0 ||| qw: Version: 0.2-a-29-g1fa15c8
     0 | D:1      | 0 ||| qw: Game counter: 5111
     0 | D:1      | 0 ||| qw: Always use a shield: true
     0 | D:1      | 0 ||| qw: God list: Okawaru
     0 | D:1      | 0 ||| qw: Allow faded altars: false
     0 | D:1      | 0 ||| qw: Do Orc after D:15 true
     0 | D:1      | 0 ||| qw: Do second Lair branch before Depths: true
     0 | D:1      | 0 ||| qw: Lair rune preference: random
     0 | D:1      | 0 ||| qw: Plans: Normal
     0 | D:1      | 0 ||| PLANNING D:1-11
     6 | D:1      | 6 ||| INVOKING Spit Poison.
    10 | D:1      | 10 ||| INVOKING Spit Poison.
    14 | D:1      | 14 ||| INVOKING Spit Poison.
    17 | D:1      | 17 ||| INVOKING Spit Poison.
    23 | D:1      | 23 ||| INVOKING Spit Poison.
    41 | D:1      | 41 ||| INVOKING Spit Poison.
    49 | D:1      | 49 ||| INVOKING Spit Poison.
   108 | D:1      | 108 ||| INVOKING Spit Poison.
   109 | D:1      | Reached skill level 4 in Ranged Weapons
   109 | D:1      | Reached XP level 2. HP: 26/26 MP: 2/2
   136 | D:1      | 136 ||| INVOKING Spit Poison.
   200 | D:1      | 200 ||| INVOKING Spit Poison.
   305 | D:1      | 305 ||| INVOKING Spit Poison.
   310 | D:1      | 310 ||| INVOKING Spit Poison.
   315 | D:1      | 315 ||| INVOKING Spit Poison.
   367 | D:1      | 367 ||| INVOKING Spit Poison.
   370 | D:1      | 370 ||| INVOKING Spit Poison.
   375 | D:1      | 375 ||| INVOKING Spit Poison.
   381 | D:1      | 381 ||| INVOKING Spit Poison.
   534 | D:1      | 534 ||| INVOKING Spit Poison.
   537 | D:1      | 537 ||| INVOKING Spit Poison.
   596 | D:1      | 596 ||| INVOKING Spit Poison.
   646 | D:1      | 646 ||| INVOKING Spit Poison.
   648 | D:1      | Reached XP level 3. HP: 32/32 MP: 3/3
   839 | D:1      | 839 ||| INVOKING Spit Poison.
   856 | D:1      | 856 ||| UPGRADING to amulet of faith.
   861 | D:1      | 861 ||| READING 2 scrolls labelled RUPRAU KEDOCUA.
   862 | D:1      | 862 ||| READING 2 scrolls labelled XUKHUSYPTA.
   863 | D:1      | 863 ||| READING scroll labelled EHILIDW FITEJU.
   864 | D:1      | 864 ||| DROPPING scroll of butterflies.
   865 | D:1      | 865 ||| DROPPING scroll of vulnerability.
   981 | D:2      | 981 ||| INVOKING Spit Poison.
  1032 | D:2      | 1032 ||| INVOKING Spit Poison.
  1037 | D:2      | 1037 ||| INVOKING Spit Poison.
  1309 | D:2      | 1309 ||| INVOKING Spit Poison.
  1323 | D:2      | 1323 ||| INVOKING Spit Poison.
  1409 | D:2      | 1409 ||| INVOKING Spit Poison.
  1415 | D:2      | 1415 ||| INVOKING Spit Poison.
  1431 | D:2      | 1431 ||| INVOKING Spit Poison.
  1436 | D:2      | 1436 ||| INVOKING Spit Poison.
  1441 | D:2      | Reached skill level 5 in Ranged Weapons
  1441 | D:2      | Reached XP level 4. HP: 19/39 MP: 4/4
  1441 | D:2      | 1441 ||| INVOKING Spit Poison.
  1866 | D:2      | 1866 ||| DRINKING 3 fizzy sapphire potions.
  1867 | D:2      | 1867 ||| DROPPING 2 potions of invisibility.
  1904 | D:3      | 1904 ||| INVOKING Spit Poison.
  1905 | D:3      | 1905 ||| INVOKING Spit Poison.
  1915 | D:3      | 1915 ||| INVOKING Spit Poison.
  1945 | D:3      | 1945 ||| INVOKING Spit Poison.
  1950 | D:3      | 1950 ||| INVOKING Spit Poison.
  2033 | D:3      | 2033 ||| INVOKING Spit Poison.
  2039 | D:3      | 2039 ||| INVOKING Spit Poison.
  2111 | D:3      | 2111 ||| INVOKING Spit Poison.
  2117 | D:3      | 2117 ||| INVOKING Spit Poison.
  2120 | D:3      | 2120 ||| INVOKING Spit Poison.
  2126 | D:3      | Reached skill level 3 in Fighting
  2336 | D:3      | 2336 ||| INVOKING Spit Poison.
  2373 | D:3      | 2373 ||| INVOKING Spit Poison.
  2374 | D:3      | Reached XP level 5. HP: 49/49 MP: 5/5
  2555 | D:3      | 2555 ||| INVOKING Spit Poison.
  2578 | D:3      | 2578 ||| UPGRADING to +0 helmet.
  2583 | D:3      | 2583 ||| READING 2 scrolls of identify.
  2583 | D:3      | 2583 ||| IDENTIFYING brown potion
  2584 | D:3      | 2584 ||| DROPPING potion of attraction.
  2620 | D:4      | 2620 ||| INVOKING Spit Poison.
  2625 | D:4      | 2625 ||| INVOKING Spit Poison.
  2722 | D:4      | 2722 ||| INVOKING Spit Poison.
  2737 | D:4      | 2737 ||| INVOKING Spit Poison.
  2744 | D:4      | 2744 ||| INVOKING Spit Poison.
  2748 | D:4      | 2748 ||| INVOKING Spit Poison.
  2748 | D:4      | HP: 12/49 [orc priest/+0 club (1)]
  2750 | D:4      | Reached skill level 6 in Ranged Weapons
  2750 | D:4      | Reached XP level 6. HP: 10/56 MP: 6/6
  2753 | D:4      | 2753 ||| INVOKING Spit Poison.
  2753 | D:4      | HP: 8/56 [orc/+0 trident (1)]
  2755 | D:4      | HP: 1/56 [orc wizard/magic dart (8)]
  2755 | D:4      | Slain by an orc

Levels and vault maps discovered:
D:1:      psy_arrival_spokes, layout_basic
D:2:      layout_basic, serial_rivers, chequers_serial_rivers_small_3,
          chequers_serial_rivers_small_b, chequers_serial_rivers_micro_c,
          chequers_serial_rivers_micro_e, chequers_serial_rivers_small_a,
          solitary_fountain
D:3:      layout_loops_ring
D:4:      minmay_inner_zag, layout_basic, minmay_tree_intersection, minivault_25

Skill      XL: |  1  2  3  4  5 |
---------------+----------------+-----
Ranged Weapons | 4 5 6 |  6.1
Fighting       | 3 |  3.1
Dodging        | |  1.5
Stealth        | |  1.5

Action                     |  1- 3 |  4- 6 || total
---------------------------+-------+-------++-------
   Fire: Shortbow          |    90 |    70 ||   160
Ability: Spit Poison       |    31 |    20 ||    51
    Use: Scroll            |     3 |     1 ||     4
         Potion            |       |     1 ||     1
 Armour: Leather armour    |    16 |    13 ||    29
  Dodge: Dodged            |    30 |    20 ||    50

Table legend:
 A = Non-vault XP
 B = Vault XP
 C = Vault XP percentage of total XP
 D = Non-vault monster count
 E = Vault monster count
 F = Vault count percentage of total count
                 A         B        C        D         E       F
            +---------+---------+-------+---------+---------+-------
      Total |     350 |       0 |   0.0 |      63 |       0 |   0.0
            +---------+---------+-------+---------+---------+-------
        D:1 |      36 |       0 |   0.0 |      22 |       0 |   0.0
        D:2 |      58 |       0 |   0.0 |      12 |       0 |   0.0
        D:3 |      75 |       0 |   0.0 |      21 |       0 |   0.0
        D:4 |     181 |       0 |   0.0 |       8 |       0 |   0.0
            +---------+---------+-------+---------+---------+-------
